 Dungeon Crawl Stone Soup version 0.17.0-57-g0e89251 (webtiles) character file.

648 PossumBlood the Shield-Bearer (level 7, -2/55 HPs)
             Began as a Formicid Fighter on Dec 8, 2015.
             Slain by a giant frog zombie (4 damage)
             ... on level 5 of the Dungeon.
             The game lasted 00:12:00 (5466 turns).

PossumBlood the Shield-Bearer (Formicid Fighter)    Turns: 5466, Time: 00:12:00

Health: -2/55      AC: -3    Str: 22    XL:     7   Next: 83%
Magic:  7/7        EV:  9    Int:  8    God:
Gold:   251        SH: 10    Dex: 10    Spells: 0 memorised, 6 levels left

rFire  . . .     SeeInvis +     a - +0 long sword
rCold  . . .     Clarity  .     e - +1 ring mail {MR+}
rNeg   . . .     SustAt   .     c - +0 shield {YEAH}
rPois  .         Gourm    .     (helmet unavailable)
rElec  .         Spirit   .     s - +0 cloak {+Inv}
rCorr  .         Warding  .     (no gloves)
rMut   .         Stasis   +     (no boots)
MR     +....                    (no amulet)
Stlth  ..........               (no ring)
                                (no ring)

@: corroded equipment, somewhat resistant to hostile enchantments, extremely
unstealthy
A: permanent stasis, dig shafts and tunnels, four strong arms, antennae 3
a: Dig, Shaft Self, Evoke Invisibility


You were on level 5 of the Dungeon.
You were not hungry.

You visited 1 branch of the dungeon, and saw 5 of its levels.

You collected 251 gold pieces.

Inventory:

Hand Weapons
 a - a +0 long sword (weapon)
Armour
 c - a +0 shield (worn) {YEAH}
 e - a +1 ring mail of magic resistance (worn)
 s - a +0 cloak of invisibility (worn)
Wands
 b - a wand of paralysis (5)
 w - a wand of disintegration (11)
Scrolls
 d - a scroll of enchant weapon {unknown}
 g - a scroll of amnesia {unknown}
 h - a scroll of remove curse {unknown}
 i - 3 scrolls of identify {unknown}
 o - a scroll of blinking {unknown}
 p - 3 scrolls of teleportation {unknown}
 r - 2 scrolls of random uselessness {unknown}
 u - 2 scrolls of recharging {unknown}
Potions
 f - a potion of cancellation {unknown}
 k - a potion of haste {unknown}
 l - 2 potions of lignification {unknown}
 m - a potion of agility {unknown}
 n - a potion of degeneration {unknown}
 q - 2 potions of mutation {unknown}
 t - a potion of heal wounds {unknown}
 v - 2 potions of curing
 x - a potion of ambrosia {unknown}
Comestibles
 j - a beef jerky


   Skills:
 + Level 4.9 Fighting
 * Level 5.3 Long Blades
 + Level 5.0 Armour
 + Level 5.7 Shields


You had 6 spell levels left.
You didn't know any spells.

Dungeon Overview and Level Annotations

Branches:
Dungeon (5/15)
 Temple: D:4-7

Altars:
Ashenzari
Fedhas
Trog
The Shining One


Innate Abilities, Weirdness & Mutations

You are under a permanent stasis effect.
You can dig through walls and to a lower floor.
Your four strong arms can wield two-handed weapons with a shield.
You have a pair of large antennae on your head (SInv).


Message History

You are too injured to fight recklessly!
You are too injured to fight recklessly!
You are too injured to fight recklessly!
You hit the jelly but do no damage.
Your hands burn!
* * * LOW HITPOINT WARNING * * *
The jelly is almost dead.
You block the giant gecko's attack. You block the jelly's attack.
You block the giant frog zombie's attack.
You hit the jelly.
You kill the jelly!
The giant gecko bites you.
* * * LOW HITPOINT WARNING * * *
The giant frog zombie hits you.
* * * LOW HITPOINT WARNING * * *
The giant gecko bites you.
* * * LOW HITPOINT WARNING * * *
The giant frog zombie hits you.
* * * LOW HITPOINT WARNING * * *
You closely miss the giant gecko. The giant frog zombie hits you.
You die...

.........#
.........#
.........######
...............
...............
...............
.....[.Z.......
......l@.......
.........######
#####....#
#....# ###'##
#.# #.#
##'#####
#......#


You could see a giant frog zombie and a giant gecko.

Vanquished Creatures
  The ghost of subsebi the Skirmisher, an amateur GrBe of Trog (D:3)
  A scorpion (D:4)
  3 orc wizards (D:4)
  2 hounds (D:4)
  Crazy Yiuf (D:2)
  An iguana (D:4)
  An orc priest (D:5)
  Ijyb (D:3)
  A jelly (D:5)
  Terence (D:3)
  A worker ant (D:4)
  Robin (D:3)
  4 gnolls (D:4)
  A worker ant zombie (D:5)
  3 adders
  An ooze (D:1)
  5 worms
  3 giant geckos
  6 orcs
  7 bats
  2 giant cockroaches
  4 hobgoblins
  8 jackals
  A quokka (D:2)
  A giant newt (D:2)
  16 goblins
  8 kobolds
  3 rats
  A fungus (D:5)
89 creatures vanquished.

Notes
Turn   | Place    | Note
--------------------------------------------------------------
     0 | D:1      | PossumBlood the Formicid Fighter began the quest for the Orb.
     0 | D:1      | Reached XP level 1. HP: 18/18 MP: 1/1
     6 | D:1      | Noticed a black mamba
     6 | D:1      | Noticed a worker ant
     6 | D:1      | Noticed a crocodile
     6 | D:1      | Noticed a swamp drake
   193 | D:1      | Reached XP level 2. HP: 18/24 MP: 2/2
   934 | D:2      | Found a glowing golden altar of the Shining One.
   959 | D:2      | Reached XP level 3. HP: 29/29 MP: 3/3
  1588 | D:2      | Reached XP level 4. HP: 37/37 MP: 4/4
  1673 | D:2      | Noticed Crazy Yiuf
  1688 | D:2      | Killed Crazy Yiuf
  1688 | D:2      | Reached skill level 4 in Fighting
  2372 | D:3      | Noticed subsebi's ghost (amateur GrBe)
  2389 | D:3      | Killed subsebi's ghost
  2389 | D:3      | Reached XP level 5. HP: 27/42 MP: 5/5
  2585 | D:3      | Found a bloodstained altar of Trog.
  2692 | D:3      | Noticed Robin
  2775 | D:3      | Killed Robin
  2775 | D:3      | Reached XP level 6. HP: 17/48 MP: 6/6
  2981 | D:3      | Noticed Terence
  2999 | D:3      | Killed Terence
  3075 | D:3      | Noticed Ijyb
  3095 | D:3      | Killed Ijyb
  3332 | D:3      | Found a shattered altar of Ashenzari.
  4092 | D:4      | Reached skill level 5 in Shields
  4557 | D:4      | Reached XP level 7. HP: 51/55 MP: 7/7
  4865 | D:4      | Reached skill level 5 in Long Blades
  5138 | D:4      | Reached skill level 5 in Armour
  5278 | D:5      | Entered Level 5 of the Dungeon
  5309 | D:5      | Found a blossoming altar of Fedhas.
  5465 | D:5      | HP: 2/55 [giant frog zombie (5)]
  5466 | D:5      | Slain by a giant frog zombie

Action                   |  1- 3 |  4- 6 |  7- 9 || total
-------------------------+-------+-------+-------++-------
Melee: Long sword        |   126 |   195 |    93 ||   414
       Unarmed           |       |     3 |       ||     3
  Use: Potion            |       |     1 |       ||     1
  Eat: Bread ration      |     1 |     1 |     1 ||     3
       Fruit             |       |     4 |       ||     4
       Beef jerky        |       |       |     1 ||     1
